 Dungeon Crawl Stone Soup version 0.28-a0-1206-g193881aaa2 (webtiles) character file.

Game seed: 814054741603908758

77825 kipponium the Blocker (level 15, -2/180 HPs)
             Began as a Gnoll Cinder Acolyte on Dec 20, 2021.
             Was an Initiate of Sif Muna.
             Slain by a skeletal warrior (20 damage)
             ... led by a death knight
             ... on level 12 of the Dungeon on Dec 21, 2021.
             The game lasted 01:56:06 (29293 turns).

kipponium the Blocker (Gnoll Cinder Acolyte)       Turns: 29293, Time: 01:56:06

Health: -2/180     AC: 11    Str: 21    XL:     15   Next: 58%
Magic:  13/29      EV: 15    Int: 19    God:    Sif Muna [......]
Gold:   839        SH:  7    Dex: 11    Spells: 16/34 levels left

rFire   . . .      SeeInvis .   A - +3 dagger of Checkmate {vamp, rF++ Dex+3}
rCold   + . .      Faith    .   c - +0 buckler
rNeg    . . .      Spirit   .   H - +0 leather armour {rC+}
rPois   .          Reflect  .   p - +2 hat
rElec   .          Harm     .   t - +0 cloak
rCorr   .          Rampage  .   O - +2 pair of gloves
Will    +....                   (no boots)
Stlth   ..........              R - amulet of regeneration
HPRegen 1.20/turn               k - ring of wizardry
MPRegen 0.21/turn               n - +6 ring of strength

@: berserking, freezing walls, studying Shields, fire susceptible, very quick
A: fangs 1, strong nose, distributed training
a: Renounce Religion


You were on level 12 of the Dungeon.
You worshipped Sif Muna.
Sif Muna was noncommittal.
You visited 3 branches of the dungeon, and saw 19 of its levels.
You also visited: Bailey and Volcano.

You collected 1042 gold pieces.
You spent 203 gold pieces at shops.

Inventory:

Hand Weapons
 A - the +3 dagger of Checkmate (weapon) {vamp, rF++ Dex+3}
   (You found it on level 10 of the Dungeon)

   It occasionally heals its wielder for a portion of the damage dealt when it
   wounds a living foe.
   Dex:       It affects your dexterity (+3).
   rF:        It greatly protects you from fire.
 I - a +2 spear of pain
Missiles
 g - 9 javelins
 l - 47 poisoned darts (quivered)
Armour
 c - a +0 buckler (worn)
 p - a +2 hat (worn)
 t - a +0 cloak (worn)
 z - the +3 leather armour of an ice cave {Fly rC- Dex+9 Stlth+}
   (You found it on level 12 of the Dungeon)

   Dex:       It affects your dexterity (+9).
   rC:        It makes you vulnerable to cold.
   Fly:       It grants you flight.
   Stlth:     It makes you more stealthy.
 H - a +0 leather armour of cold resistance (worn)
 O - a +2 pair of gloves (worn)
 Y - a +2 scale mail of poison resistance
Jewellery
 k - a ring of wizardry (left hand)
 n - a +6 ring of strength (right hand)
 M - a ring of see invisible
 R - an amulet of regeneration (around neck)
Wands
 d - a wand of mindburst (12)
 s - a wand of charming (1)
 E - a wand of iceblast (35)
 W - a wand of paralysis (5)
 Z - a wand of polymorph (5)
Scrolls
 h - 2 scrolls of enchant weapon
 i - 2 scrolls of fear {unknown}
 j - a scroll of silence
 o - 3 scrolls of amnesia {unknown}
 q - 7 scrolls of teleportation
 r - 6 scrolls of immolation
 u - 5 scrolls of blinking {unknown}
 w - 2 scrolls of acquirement {unknown}
 x - a scroll of brand weapon {unknown}
 C - a scroll of magic mapping
 F - 5 scrolls of enchant armour
 L - a scroll of vulnerability {unknown}
 P - 3 scrolls of fog
Potions
 a - a potion of berserk rage
 e - 4 potions of curing
 m - a potion of brilliance
 B - 3 potions of might
 D - 2 potions of haste
 G - a potion of ambrosia
 J - 2 potions of resistance
 K - 2 potions of magic
 T - 2 potions of cancellation {unknown}
 U - a potion of invisibility
Miscellaneous
 y - a phantom mirror (inert)
 N - a condenser vane (inert)


   Skills:
 + Level 11.7 Fighting
 + Level 11.7 Short Blades
 + Level 9.8 Long Blades
 + Level 9.8 Axes
 + Level 9.8 Maces & Flails
 + Level 9.8 Polearms
 + Level 9.8 Staves
 + Level 9.8 Slings
 + Level 9.8 Bows
 + Level 9.8 Crossbows
 + Level 9.8 Throwing
 + Level 9.8 Armour
 + Level 9.8 Dodging
 + Level 9.8 Stealth
 + Level 12.8 Shields
 + Level 9.8 Unarmed Combat
 + Level 10.2 Spellcasting
 + Level 8.2 Conjurations
 + Level 8.2 Hexes
 + Level 8.2 Summonings
 + Level 8.2 Necromancy
 + Level 8.2 Translocations
 + Level 8.2 Transmutations
 + Level 9.9 Fire Magic
 + Level 8.2 Ice Magic
 + Level 8.2 Air Magic
 + Level 8.2 Earth Magic
 + Level 8.2 Poison Magic
 + Level 10.7 Invocations
 + Level 9.8 Evocations


You had 16 spell levels left.
You knew the following spells:

 Your Spells              Type           Power      Damage    Failure   Level
a - Scorch                Fire           94%        2d9       1%          2
b - Teleport Other        Tloc           41%        N/A       1%          3
c - Summon Ice Beast      Ice/Summ       41%        N/A       1%          4
d - Frozen Ramparts       Ice            82%        1d10      1%          3
e - Lesser Beckoning      Tloc           41%        N/A       1%          3
f - Vampiric Draining     Necr           41%        2d8       1%          3

Your spell library contained the following spells:

 Spells                   Type           Power      Damage    Failure   Level
 Animate Skeleton         Necr           82%        N/A       1%          1
 Apportation              Tloc           82%        N/A       1%          1
 Magic Dart               Conj           100%       1d8       1%          1
 Slow                     Hex            100%       N/A       1%          1
 Summon Small Mammal      Summ           100%       N/A       1%          1
 Call Canine Familiar     Summ           41%        N/A       1%          3
 Confusing Touch          Hex            41%        N/A       1%          3
 Gell's Gravitas          Tloc           41%        N/A       1%          3
 Portal Projectile        Hex/Tloc       82%        N/A       1%          3
 Ice Form                 Ice/Tmut       41%        N/A       1%          4
 Leda's Liquefaction      Hex/Erth       20%        N/A       1%          4


Dungeon Overview and Level Annotations

Branches:
Dungeon (12/15)            Temple (1/1) D:7            Lair (6/6) D:9
 Shoals (0/4) Lair:3        Snake (0/4) Lair:2        Slime (0/5) Lair:6
 Bailey (visited)         Volcano (visited)
    Orc: D:9-12

Altars:
Ashenzari
Cheibriados
Dithmenos
Elyvilon
Fedhas
Gozag
Hepliaklqana
Kikubaaqudgha
Makhleb
Nemelex Xobeh
Okawaru
Qazlal
Ru
Sif Muna
Trog
Uskayaw
Vehumet
Wu Jian
Xom
Yredelemnul
Zin
The Shining One

Shops:
D:4 ?   D:6 !

Annotations:
D:6 1 runed translucent door, bmj180's ghost, novice GrEE
D:12 3 runed translucent doors, sn0wgr3's ghost, journeyman MiFi
Lair:6 exclusion: 3 oklob plants


Innate Abilities, Weirdness & Mutations

You have very sharp teeth.
Your uncanny sense of smell can sniff out nearby items.
Your experience applies equally to all skills.


Message History

The skeletal warrior barely misses you.
The wall freezes the death knight.
You block the death knight's attack.
Your magical contamination has completely faded away.
Casting: Scorch (safe; 1% risk of failure)
Confirm with . or Enter, or press ? or * to list all spells.
Flames lash the skeletal warrior.
The skeletal warrior is heavily damaged.
The skeletal warrior's fire resistance burns away.
The skeletal warrior completely resists.
The wall freezes the skeletal warrior but does no damage.
The skeletal warrior hits you with a +0 short sword!
* * * LOW HITPOINT WARNING * * *
The wall freezes the death knight.
The death knight misses you.
It was a potion of berserk rage.
A red film seems to cover your vision as you go berserk!
You feel yourself moving faster!
You feel mighty!
The death knight is no longer more vulnerable to fire.
The skeletal warrior resists.
The wall freezes the skeletal warrior.
You block the skeletal warrior's attack.
The wall freezes the death knight.
You kill the death knight!
Sif Muna accepts your kill.
You closely miss the skeletal warrior.
The skeletal warrior is severely damaged.
You hit the skeletal warrior.
The skeletal warrior is severely damaged.
You barely miss the skeletal warrior.
The skeletal warrior is severely damaged.
The skeletal warrior resists.
The wall freezes the skeletal warrior.
The skeletal warrior hits you with a +0 short sword!
* * * LOW HITPOINT WARNING * * *
You hit the skeletal warrior but do no damage.
The skeletal warrior is severely damaged.
You hit the skeletal warrior but do no damage.
The skeletal warrior is severely damaged.
You hit the skeletal warrior but do no damage.
The skeletal warrior is severely damaged.
The skeletal warrior resists.
The wall freezes the skeletal warrior.
The skeletal warrior hits you with a +0 short sword!!
You die...

#.........# #.........#
.... #.........#.....
#.........'.....
#(........#...#
#......####...#####
#......#...........
#.....)#...........
#.....z@...........
#......#..........
#......###....##.
#........#..>.#
#........#....#
#........#....##########
#........#..............
#........#..............
#........#..............


You could see a skeletal warrior (combustible).

Vanquished Creatures
  A fire dragon (Lair:6)
  Harold (Lair:2)
  4 hydras
  A boulder beetle (D:12)
  An ogre mage (Volcano)
  A death knight (D:12)
  A catoblepas (Lair:3)
  8 two-headed ogres
  A hell knight (Volcano)
  A skeletal warrior (D:12)
  A lindwurm (Lair:6)
  4 cyclopes
  10 elephants (Lair:5)
  2 molten gargoyles (Lair:6)
  6 black mambas
  A torpor snail (Lair:5)
  Maggie (D:8)
  8 rime drakes
  10 cane toads
  10 komodo dragons
  2 freezing wraiths (D:12)
  A troll (D:9)
  2 polar bears
  2 hornets (Lair:4)
  14 dream sheep
  18 blink frogs
  A shadow (D:12)
  2 wraiths (D:12)
  5 basilisks
  50 yaks
  8 wyverns
  2 steam dragons
  4 vampire mosquitoes (D:12)
  A naga (Lair:2)
  5 hell hounds (Lair:6)
  16 water moccasins
  18 orc warriors
  A black bear (shapeshifter) (D:12)
  An ice beast (D:7)
  A black bear (D:4)
  3 necrophages
  An ogre (D:5)
  9 wolves
  5 centaurs
  8 bullfrogs
  5 scorpions
  A water moccasin skeleton (D:5)
  9 killer bees (D:9)
  11 wights (D:8)
  2 howler monkeys
  2 electric eels (D:9)
  6 centaur zombies
  4 lava snakes (Lair:6)
  2 jellies
  9 hounds
  A centaur skeleton (D:6)
  7 orc priests
  A bullfrog skeleton (D:6)
  4 iguanas
  5 orc wizards
  A hound zombie (D:5)
  A howler monkey zombie (D:9)
  3 gnolls (D:5)
  A howler monkey skeleton (D:7)
  11 adders
  2 shadow imps
  2 white imps (D:6)
  3 worms
  2 dart slugs (D:3)
  34 orcs
  9 ball pythons
  5 endoplasms
  2 giant cockroaches
  7 hobgoblins
  6 jackals
  7 bats
  5 frilled lizards
  8 goblins
  6 kobolds
  5 rats
442 creatures vanquished.

Vanquished Creatures (collateral kills)
  A hydra (Lair:6)
  A two-headed ogre (D:10)
  An elephant (Lair:5)
  A kobold demonologist (D:11)
  A yak (Lair:1)
  An electric eel (D:9)
6 creatures vanquished.

Vanquished Creatures (others)
  An elephant (Lair:5)
  66 foxfires
  40 fungi
  29 plants
136 creatures vanquished.

Grand Total: 584 creatures vanquished

Notes
Turn   | Place    | Note
-------+----------+-------------------------------------------
     0 | D:1      | kipponium the Gnoll Cinder Acolyte began the quest for the
                  | Orb.
     0 | D:1      | Reached XP level 1. HP: 23/23 MP: 4/4
   321 | D:1      | Reached XP level 2. HP: 27/29 MP: 5/5
   324 | D:1      | Learned a level 2 spell: Scorch
  1114 | D:2      | Reached XP level 3. HP: 35/35 MP: 1/7
  1393 | D:2      | Reached skill level 1 in Invocations
  1982 | D:3      | Reached skill level 1 in Long Blades
  1982 | D:3      | Reached skill level 1 in Axes
  1982 | D:3      | Reached skill level 1 in Maces & Flails
  1982 | D:3      | Reached skill level 1 in Polearms
  1982 | D:3      | Reached skill level 1 in Staves
  1982 | D:3      | Reached skill level 1 in Slings
  1982 | D:3      | Reached skill level 1 in Bows
  1982 | D:3      | Reached skill level 1 in Crossbows
  1982 | D:3      | Reached skill level 1 in Throwing
  1982 | D:3      | Reached skill level 1 in Armour
  1982 | D:3      | Reached skill level 1 in Dodging
  1982 | D:3      | Reached skill level 1 in Stealth
  1982 | D:3      | Reached skill level 1 in Shields
  1982 | D:3      | Reached skill level 1 in Unarmed Combat
  1982 | D:3      | Reached skill level 1 in Evocations
  2435 | D:3      | Reached XP level 4. HP: 41/41 MP: 3/8
  2522 | D:3      | Noticed a necrophage
  2528 | D:3      | Killed a necrophage
  2529 | D:3      | Reached skill level 1 in Conjurations
  2529 | D:3      | Reached skill level 1 in Hexes
  2529 | D:3      | Reached skill level 1 in Summonings
  2529 | D:3      | Reached skill level 1 in Necromancy
  2529 | D:3      | Reached skill level 1 in Translocations
  2529 | D:3      | Reached skill level 1 in Transmutations
  2529 | D:3      | Reached skill level 1 in Ice Magic
  2529 | D:3      | Reached skill level 1 in Air Magic
  2529 | D:3      | Reached skill level 1 in Earth Magic
  2529 | D:3      | Reached skill level 1 in Poison Magic
  2529 | D:3      | Reached XP level 5. HP: 47/47 MP: 0/9
  2977 | D:3      | Found a faded altar of an unknown god.
  2983 | D:3      | Got Plato's Volume of Attacks
  3192 | D:4      | Noticed an ogre
  3678 | D:3      | Reached XP level 6. HP: 52/53 MP: 5/10
  3727 | D:4      | Noticed a black bear
  3801 | D:3      | HP: 2/53 [poisoned by a scorpion]
  3803 | D:3      | Reached skill level 2 in Shields
  4334 | D:4      | Noticed a necrophage
  4339 | D:4      | Killed a necrophage
  4369 | D:4      | Killed a black bear
  4370 | D:4      | Reached XP level 7. HP: 46/60 MP: 1/12
  4545 | D:4      | Learned a level 3 spell: Teleport Other
  4736 | D:4      | Found Ynluf's Magic Scroll Emporium.
  4739 | D:4      | Bought a scroll of immolation for 35 gold pieces
  4739 | D:4      | Bought a scroll of fog for 20 gold pieces
  4739 | D:4      | Bought a scroll of identify for 20 gold pieces
  4739 | D:4      | Bought a scroll of noise for 10 gold pieces
  4939 | D:5      | Entered Level 5 of the Dungeon
  5336 | D:5      | Reached XP level 8. HP: 67/67 MP: 9/14
  5552 | D:5      | Reached skill level 3 in Shields
  6687 | D:6      | Found Qeurutog's Distillery.
  6789 | D:6      | Bought a potion of lignification for 39 gold pieces
  7030 | D:6      | Found a runed translucent door.
  7031 | D:6      | Noticed bmj180's ghost (novice GrEE)
  7891 | D:7      | Noticed a yak
  7891 | D:7      | Noticed a yak
  7930 | D:7      | Reached XP level 9. HP: 72/72 MP: 11/16
  7935 | D:7      | Learned a level 4 spell: Summon Ice Beast
  8035 | D:7      | Reached skill level 4 in Shields
  8035 | D:7      | Reached skill level 5 in Spellcasting
  8225 | D:7      | Learned a level 3 spell: Frozen Ramparts
  8555 | D:7      | Found a staircase to the Ecumenical Temple.
  8966 | D:8      | Found a flagged portal.
  8979 | Bailey   | Entered a bailey
  9502 | Bailey   | Reached skill level 5 in Invocations
 10219 | Bailey   | Learned a level 3 spell: Lesser Beckoning
 10622 | Bailey   | Reached XP level 10. HP: 39/80 MP: 0/18
 11009 | Bailey   | Noticed an orc knight
 11012 | Bailey   | Reached skill level 5 in Long Blades
 11012 | Bailey   | Reached skill level 5 in Axes
 11012 | Bailey   | Reached skill level 5 in Maces & Flails
 11012 | Bailey   | Reached skill level 5 in Polearms
 11012 | Bailey   | Reached skill level 5 in Staves
 11012 | Bailey   | Reached skill level 5 in Slings
 11012 | Bailey   | Reached skill level 5 in Bows
 11012 | Bailey   | Reached skill level 5 in Crossbows
 11012 | Bailey   | Reached skill level 5 in Throwing
 11012 | Bailey   | Reached skill level 5 in Armour
 11012 | Bailey   | Reached skill level 5 in Dodging
 11012 | Bailey   | Reached skill level 5 in Stealth
 11012 | Bailey   | Reached skill level 5 in Shields
 11012 | Bailey   | Reached skill level 5 in Unarmed Combat
 11012 | Bailey   | Reached skill level 5 in Evocations
 11023 | Bailey   | Identified the +5 executioner's axe of Acastes {drain,
                  | Dex+3}
 11152 | D:8      | Noticed a cyclops
 11157 | D:8      | Killed a cyclops
 11233 | D:8      | You fall into a shaft and drop 1 floor!
 11485 | D:9      | Found a glowing golden altar of the Shining One.
 12536 | D:8      | Reached skill level 6 in Shields
 12812 | D:8      | Noticed Maggie
 12825 | D:8      | Killed Maggie
 13088 | D:8      | Noticed a two-headed ogre
 13119 | D:8      | Killed a two-headed ogre
 13567 | D:9      | Reached XP level 11. HP: 30/87 MP: 16/20
 13872 | D:9      | Found a staircase to the Lair.
 14243 | D:10     | Entered Level 10 of the Dungeon
 14259 | D:10     | Noticed a two-headed ogre
 14285 | D:10     | Killed a two-headed ogre
 14286 | D:10     | Reached skill level 7 in Shields
 14286 | D:10     | Reached skill level 5 in Conjurations
 14286 | D:10     | Reached skill level 5 in Hexes
 14286 | D:10     | Reached skill level 5 in Summonings
 14286 | D:10     | Reached skill level 5 in Necromancy
 14286 | D:10     | Reached skill level 5 in Translocations
 14286 | D:10     | Reached skill level 5 in Transmutations
 14286 | D:10     | Reached skill level 5 in Ice Magic
 14286 | D:10     | Reached skill level 5 in Air Magic
 14286 | D:10     | Reached skill level 5 in Earth Magic
 14286 | D:10     | Reached skill level 5 in Poison Magic
 14553 | D:10     | Identified the +3 dagger of Checkmate {vamp, rF++ Dex+3}
 15528 | D:11     | Noticed a two-headed ogre
 16055 | D:11     | Killed a two-headed ogre
 16447 | D:11     | Reached skill level 8 in Shields
 16809 | D:11     | Found a basalt altar of Yredelemnul.
 17024 | D:12     | Noticed a boulder beetle
 17051 | D:12     | Killed a boulder beetle
 17198 | D:12     | Noticed a cyclops
 17283 | Lair:1   | Entered Level 1 of the Lair of Beasts
 17309 | Lair:1   | Reached XP level 12. HP: 60/96 MP: 2/23
 17533 | Lair:1   | Found a dark tunnel.
 17543 | Volcano  | Entered a volcano
 17586 | Volcano  | Noticed an ogre mage
 17589 | Volcano  | Found a bloodstained altar of Trog.
 17599 | Volcano  | Killed an ogre mage
 17600 | Volcano  | Reached skill level 9 in Shields
 17600 | Volcano  | Noticed a hell knight
 17695 | Volcano  | Noticed a two-headed ogre
 17701 | Volcano  | Noticed a two-headed ogre
 17715 | Volcano  | Killed a two-headed ogre
 17718 | Volcano  | Killed a two-headed ogre
 17723 | Volcano  | Noticed a two-headed ogre
 17725 | Volcano  | Noticed a two-headed ogre
 17732 | Volcano  | Killed a two-headed ogre
 17733 | Volcano  | Killed a two-headed ogre
 17734 | Volcano  | Reached skill level 10 in Fighting
 17734 | Volcano  | Reached skill level 10 in Short Blades
 17760 | Volcano  | Noticed a two-headed ogre
 17774 | Volcano  | Killed a two-headed ogre
 17870 | Volcano  | Noticed a two-headed ogre
 17900 | Volcano  | Killed a hell knight
 17911 | Volcano  | Killed a two-headed ogre
 18912 | Lair:2   | Found a staircase to the Snake Pit.
 18996 | Lair:2   | Noticed Harold
 19002 | Lair:2   | Killed Harold
 19071 | Lair:2   | Reached XP level 13. HP: 88/103 MP: 8/25
 19232 | Lair:2   | Reached skill level 10 in Shields
 20442 | Lair:3   | Learned a level 3 spell: Vampiric Draining
 20620 | Lair:3   | Found a staircase to the Shoals.
 21135 | Temple   | Entered the Ecumenical Temple
 23327 | Lair:4   | Reached skill level 11 in Shields
 23469 | Lair:4   | Reached XP level 14. HP: 113/113 MP: 27/27
 24138 | Lair:5   | Reached skill level 10 in Invocations
 24778 | Lair:5   | Reached XP level 15. HP: 60/119 MP: 14/28
 25158 | Lair:6   | Entered Level 6 of the Lair of Beasts
 25175 | Lair:6   | Reached skill level 12 in Shields
 26172 | Lair:6   | Reached skill level 10 in Spellcasting
 26639 | Lair:6   | Found a staircase to the Slime Pits.
 26885 | Lair:6   | Found a large runed translucent door.
 26890 | Lair:6   | Found a large runed translucent door.
 27501 | D:4      | Bought a scroll of identify for 20 gold pieces
 27501 | D:4      | Bought a scroll of identify for 20 gold pieces
 27576 | D:6      | Bought a potion of attraction for 39 gold pieces
 27718 | Temple   | Fell from the grace of Ignis
 27718 | Temple   | Became a worshipper of Sif Muna the Loreminder
 27897 | D:12     | Identified the +3 leather armour of an ice cave {Fly rC-
                  | Dex+9 Stlth+}
 29196 | D:12     | Found a runed translucent gate.
 29197 | D:12     | Found a runed translucent gate.
 29199 | D:12     | Noticed sn0wgr3's ghost (journeyman MiFi)
 29201 | D:12     | Found a runed translucent gate.
 29293 | D:12     | Slain by a skeletal warrior

Illustrated notes

Levels and vault maps discovered:
D:1:      dpeg_arrival_rhombi, layout_rooms, serial_corexii_hall,
          corexii_hall_statues_l, corexii_hall_statues_l
D:2:      layout_basic, chequers_serial_rivers_micro_c
D:3:      minmay_wonky_spiral, layout_loops_corners,
          shapermc_ecumenical_altar_rom_forum, kennysheep_cross_bottleneck
D:4:      layout_rooms, serial_shops, nicolae_shop_behind_doors
D:5:      layout_basic
D:6:      layout_cave_pods, serial_shops, shop, ebering_ghost_reflecting_pool,
          chequers_serial_rivers_micro_c, moated_statue
D:7:      layout_rooms, minmay_temple_entry_proselytizer
D:8:      layout_loops_ring, enter_bailey_2, uniq_maggie
D:9:      layout_small_grid, tso_oasis_becter, erik_lair_island, serial_rivers,
          chequers_serial_rivers_micro_b, chequers_serial_rivers_room_b,
          chequers_serial_rivers_micro_e, chequers_serial_rivers_micro_a,
          chequers_serial_rivers_large_b, chequers_serial_rivers_room_b
D:10:     layout_irregular_city
D:11:     layout_small_grid, lemuel_zombie_altar_yredelemnul
D:12:     layout_stronghold, orc_0_dummy, gammafunk_ghost_spectres
Temple:   kilobyte_greek_temple
Lair:1:   layout_hall_layers, lightli_volcano_entry_magma_tube,
          chequers_serial_rivers_small_3
Lair:2:   statuecave_lemuel, layout_loops_ring, guppyfry_snake_entry_island,
          lemuel_fruit_tree, infiniplex_staircase_pool_2, uniq_harold
Lair:3:   layout_chaotic_city, shoals_dummy_entry
Lair:4:   layout_cave_pods, st_stairs_10
Lair:5:   layout_loops_ring
Lair:6:   cheibrodos_lair_end_hotspot, layout_gridlike,
          minmay_slime_entry_oklob_open

Skill      XL: |  1  2  3  4  5  6  7  8  9 10 11 12 13 14 15 |
---------------+----------------------------------------------+-----
Invocations    | 1 2 3 4 5 6 7 8 9 10 | 10.7
Long Blades    | 1 2 3 4 5 6 7 8 9 |  9.8
Axes           | 1 2 3 4 5 6 7 8 9 |  9.8
Maces & Flails | 1 2 3 4 5 6 7 8 9 |  9.8
Polearms       | 1 2 3 4 5 6 7 8 9 |  9.8
Staves         | 1 2 3 4 5 6 7 8 9 |  9.8
Slings         | 1 2 3 4 5 6 7 8 9 |  9.8
Bows           | 1 2 3 4 5 6 7 8 9 |  9.8
Crossbows      | 1 2 3 4 5 6 7 8 9 |  9.8
Throwing       | 1 2 3 4 5 6 7 8 9 |  9.8
Armour         | 1 2 3 4 5 6 7 8 9 |  9.8
Dodging        | 1 2 3 4 5 6 7 8 9 |  9.8
Stealth        | 1 2 3 4 5 6 7 8 9 |  9.8
Shields        | 1 2 3 4 6 8 9 11 12 | 12.8
Unarmed Combat | 1 2 3 4 5 6 7 8 9 |  9.8
Evocations     | 1 2 3 4 5 6 7 8 9 |  9.8
Spellcasting   | 3 4 5 6 7 8 9 10 | 10.2
Conjurations   | 1 2 3 4 5 6 7 8 |  8.2
Hexes          | 1 2 3 4 5 6 7 8 |  8.2
Summonings     | 1 2 3 4 5 6 7 8 |  8.2
Necromancy     | 1 2 3 4 5 6 7 8 |  8.2
Translocations | 1 2 3 4 5 6 7 8 |  8.2
Transmutations | 1 2 3 4 5 6 7 8 |  8.2
Ice Magic      | 1 2 3 4 5 6 7 8 |  8.2
Air Magic      | 1 2 3 4 5 6 7 8 |  8.2
Earth Magic    | 1 2 3 4 5 6 7 8 |  8.2
Poison Magic   | 1 2 3 4 5 6 7 8 |  8.2
Fighting       | 7 8 9 10 11 | 11.7
Short Blades   | 7 8 9 10 11 | 11.7
Fire Magic     | 6 7 8 9 |  9.9

Action                   |  1- 3 |  4- 6 |  7- 9 | 10-12 | 13-15 || total
-------------------------+-------+-------+-------+-------+-------++-------
Melee: Short sword       |    82 |    23 |    36 |       |       ||   141
       Bite              |     5 |     3 |     2 |    24 |    26 ||    60
       Spear             |       |       |     7 |    64 |       ||    71
       Punch             |       |       |     1 |       |       ||     1
       Dagger            |       |       |       |   144 |   228 ||   372
Throw: Dart              |       |     2 |     5 |    48 |    50 ||   105
       Throwing net      |       |       |       |       |     5 ||     5
 Cast: Scorch            |    28 |    40 |   173 |   221 |   328 ||   790
       Summon Ice Beast  |       |       |     4 |    23 |     8 ||    35
       Frozen Ramparts   |       |       |       |    18 |    46 ||    64
       Teleport Other    |       |       |       |     4 |       ||     4
       Lesser Beckoning  |       |       |       |     1 |     1 ||     2
       Vampiric Draining |       |       |       |       |     6 ||     6
Invok: Foxfire Swarm     |       |     2 |     1 |     1 |       ||     4
       Fiery Armour      |       |       |       |     1 |       ||     1
Evoke: Wand              |       |       |     3 |    30 |    12 ||    45
       Condenser vane    |       |       |       |     1 |     2 ||     3
       Phantom mirror    |       |       |       |       |     1 ||     1
  Use: Potion            |       |     1 |     1 |       |     8 ||    10
       Scroll            |       |       |     8 |     5 |     8 ||    21
 Stab: Sleeping          |       |       |     4 |     2 |     6 ||    12
       Confused          |       |       |       |     1 |       ||     1
       Held in net/web   |       |       |       |       |     2 ||     2
Armor: Robe              |    17 |     6 |    25 |       |       ||    48
       Leather armour    |       |       |    10 |   127 |   118 ||   255
Dodge: Dodged            |    46 |    25 |   109 |   243 |   254 ||   677
Block: Buckler           |       |       |       |       |   150 ||   150

Table legend: (Time is in decaauts)
 A = Elapsed time spent in this place.
 B = Non-inter-level travel time spent in this place.
 C = Inter-level travel time spent in this place.
 D = Time resting spent in this place.
 E = Time spent auto-exploring this place.
 F = Levels seen in this place.
 G = Mean time per level.
                   A        B        C        D        E       F      G
               +--------+--------+--------+--------+--------+-----+--------+
         Total |  29130 |  26962 |   2168 |  11869 |   9622 |  21 | 1387.1 |
       Dungeon |  17072 |  15689 |   1383 |   6662 |   6583 |  12 | 1422.7 |
        Temple |    304 |    232 |     72 |      0 |    116 |   1 |  304.0 |
          Lair |   9243 |   8531 |    712 |   3523 |   2923 |   6 | 1540.5 |
        Bailey |   2056 |   2056 |      0 |   1481 |      0 |   1 | 2056.0 |
       Volcano |    452 |    452 |      0 |    202 |      0 |   1 |  452.0 |
               +--------+--------+--------+--------+--------+-----+--------+

Top non-repeatable levels by time:
     D:3: 2391 daAuts
     D:9: 2114 daAuts
  Bailey: 2056 daAuts
  Lair:6: 1862 daAuts
     D:6: 1792 daAuts
  Lair:4: 1682 daAuts
  Lair:2: 1554 daAuts
     D:8: 1539 daAuts
    D:11: 1502 daAuts
  Lair:5: 1467 daAuts
    D:12: 1407 daAuts
  Lair:3: 1365 daAuts
    D:10: 1332 daAuts
  Lair:1: 1310 daAuts
     D:5: 1266 daAuts
